Construct Section Command Post
Selects Air and Sea Battlegroup
Construct Platoon Command Post
Selects Commando Section Paradrop
Selects M1 Pack Howitzer Paradrop
M1 Pack Howitzer Paradrop
Unlock M3 Stuart Light Tanks
Commando Section Paradrop
6-pounder Anti-tank Gun Team
Construct Company Command Post
Selects Anti-tank Rocket Loiter
Unlock M3 Grant Medium Tanks
Construct Field Infirmary
Selects Centaur Medium Tank
Unlock Towed 17-pounder Anti-tank Guns